 Dungeon Crawl Stone Soup version 0.31-a0-246-g8cbcc1cb85 (webtiles) character file.

Game seed: 233392224051872919

149 Dittersdorf the Covered (level 5, 0/33 HPs)
             Began as a Gargoyle Fighter on July 12, 2023.
             Slain by a gnoll
             ... wielding a +0 halberd
              (10 damage)
             ... on level 3 of the Dungeon.
             The game lasted 00:02:48 (2264 turns).

Dittersdorf the Covered (Gargoyle Fighter)          Turns: 2264, Time: 00:02:48

Health: 0/33       AC: 12    Str: 21    XL:     5   Next: 31%
Magic:  5/5        EV:  9    Int:  9    God:
Gold:   72         SH:  4    Dex:  9    Spells: 4/4 levels left

rFire   . . .        a - +0 flail
rCold   . . .        c - +0 buckler
rNeg    + . .        b - +0 scale mail
rPois   ∞            (no helmet)
rElec   +            (no cloak)
rCorr   .            (no gloves)
SInv    +            f - +0 pair of boots
Will    .....        (no amulet) Stlth
                     e - ring of wizardry
HPRegen 0.25/turn    l - ring of see invisible
MPRegen 0.09/turn

%: wizardry (x1)
@: no status effects
A: sickness immunity, AC +4, negative energy resistance 1, electricity
resistance, torment resistance 1, petrification resistance
a: no special abilities


You were on level 3 of the Dungeon.
You visited 1 branch of the dungeon, and saw 3 of its levels.

You collected 72 gold pieces.

Inventory:

Hand Weapons
 a - a +0 flail (weapon)
Armour
 b - a +0 scale mail (worn)
 c - a +0 buckler (worn)
 f - a +0 pair of boots (worn)
Magical Staves
 t - a staff of earth
Jewellery
 e - a ring of wizardry (left hand)
 l - a ring of see invisible (right hand)
Scrolls
 g - 2 scrolls of vulnerability {unknown}
 h - a scroll of fog {unknown}
 i - 5 scrolls of teleportation {unknown}
 k - a scroll of enchant armour {unknown}
 m - a scroll of revelation {unknown}
 n - a scroll of fear {unknown}
 p - a scroll of immolation {unknown}
 r - a scroll of identify {unknown}
 s - a scroll of torment {unknown}
Potions
 d - a potion of might
 j - 3 potions of enlightenment {unknown}
 o - a potion of haste {unknown}
 q - a potion of curing {unknown}


   Skills:
 + Level 4.2 Fighting
 + Level 3.1 Maces & Flails
 + Level 4.3 Armour
 + Level 4.3 Shields


You had 4 spell levels left.
You didn't know any spells.
Your spell library contained the following spells:

 Spells                   Type           Power      Damage    Failure   Level
 Anguish                  Hex/Necr       0%         N/A       99%         4
 Cause Fear               Hex            0%         N/A       99%         4
 Enfeeble                 Hex            0%         N/A       100%        7


Dungeon Overview and Level Annotations

Branches:
Dungeon (3/15)

Altars:
Cheibriados

Shops:
D:2 [   D:3 *


Innate Abilities, Weirdness & Mutations

You are immune to sickness and miasma.
Your stone body is resilient. (AC +4)
You are immune to poison.
You resist negative energy. (rN+)
You are resistant to electric shocks. (rElec)
You are resistant to unholy torment.
You are immune to petrification.


Message History

You miss the jackal. The jackal misses you.
A jackal comes into view.
The jackal barely misses you.
The gnoll hits you from afar with a +0 halberd.
You are too injured to fight recklessly!
You are too injured to fight recklessly!
You are too injured to fight recklessly!
You are too injured to fight recklessly!
You are too injured to fight recklessly!
You are too injured to fight recklessly!
You are too injured to fight recklessly!
You are too injured to fight recklessly!
You are too injured to fight recklessly!
You are too injured to fight recklessly!
You are too injured to fight recklessly!
You are too injured to fight recklessly!
You are too injured to fight recklessly!
You are too injured to fight recklessly!
You are too injured to fight recklessly!
You are too injured to fight recklessly!
You are too injured to fight recklessly!
You are too injured to fight recklessly!
The jackal bites you but does no damage.
The jackal attacks as you move away! You block the jackal's attack.
The jackal attacks as you move away!
The jackal bites you but does no damage. x2
The jackal attacks as you move away!
The jackal bites you but does no damage.
The jackal closely misses you.
You hit the jackal.
You kill the jackal!
The gnoll completely misses you.
The jackal stops to sniff the ground.
The gnoll hits you but does no damage.
You see here a jackal corpse.
You barely miss the gnoll. The gnoll hits you with a +0 halberd.
You thump the gnoll!
The gnoll is heavily wounded.
The gnoll hits you but does no damage. The gnoll hits you with a +0 halberd!
You die...

.# ###.# .# #.# .# #.# ♣....
.# #.# #.... .# #.# #...#
.####### #.# #.... ........
#.# #.#.#
###.####.####.#######.#.######
## # #.........@gh##.#.......
.# #..####.####.....># ....
#.# ####!#.# .. #.# #..... ...
........ ~~~ ~~....~~~~~ ~≈~≈
≈≈~....~≈~≈≈ ~~≈~~
~~~≈....~~~≈~ .............h


You could see a gnoll and a jackal.

Vanquished Creatures
  Natasha (D:3)
  A mummy (D:3)
  2 adders (D:2)
  An ufetubus (D:2)
  4 worms (D:2)
  2 dart slugs (D:1)
  5 orcs (D:3)
  5 endoplasms
  3 giant cockroaches
  6 hobgoblins
  5 jackals
  2 quokkas
  9 ball pythons
  7 bats
  3 frilled lizards
  2 goblins (D:3)
  3 kobolds
  6 rats
67 creatures vanquished.

Notes
Turn   | Place    | Note
-------+----------+-------------------------------------------
     0 | D:1      | Dittersdorf the Gargoyle Fighter began the quest for the
                  | Orb.
     0 | D:1      | Reached XP level 1. HP: 14/14 MP: 1/1
   235 | D:1      | Reached XP level 2. HP: 19/19 MP: 2/2
   371 | D:1      | Found a faded altar of an unknown god.
   681 | D:2      | Reached XP level 3. HP: 23/23 MP: 3/3
  1025 | D:2      | Reached XP level 4. HP: 25/29 MP: 4/4
  1158 | D:2      | Found Olox's Armour Boutique.
  1965 | D:3      | Found Gauroune's Assorted Antiques.
  1988 | D:3      | Noticed Natasha
  1998 | D:3      | Killed Natasha
  1999 | D:3      | Reached XP level 5. HP: 23/33 MP: 5/5
  2040 | D:3      | Found a snail-covered altar of Cheibriados.
  2264 | D:3      | Slain by a gnoll

Illustrated notes

Levels and vault maps discovered:
D:1:      scummos_arrival_forest, layout_basic,
          hellmonk_ecumenical_altar_heavens_door
D:2:      layout_basic, serial_shops, nicolae_shop_hallway_plus
D:3:      lemuel_castle_with_subvaults [lemuel_castle_interior_carwin_1],
          layout_loops_ring, slow_altar_2, fedhas_altar_fruit_tree,
          serial_shops, shop_statue, kennysheep_another_room, uniq_natasha

Skill      XL: |  1  2  3  4 |
---------------+-------------+-----
Shields        | 4 |  4.3
Fighting       | 4 |  4.2
Armour         | 4 |  4.3
Maces & Flails | 3 |  3.1

Action                     |  1- 3 |  4- 6 || total
---------------------------+-------+-------++-------
  Melee: Flail             |   133 |   160 ||   293
 Armour: Scale mail        |   109 |    83 ||   192
  Dodge: Dodged            |    76 |    76 ||   152
  Block: Buckler           |    40 |    33 ||    73

Table legend: (Time is in decaauts)
 A = Elapsed time spent in this place.
 B = Non-inter-level travel time spent in this place.
 C = Inter-level travel time spent in this place.
 D = Time resting spent in this place.
 E = Time spent auto-exploring this place.
 F = Levels seen in this place.
 G = Mean time per level.
                   A        B        C        D        E       F      G
               +--------+--------+--------+--------+--------+-----+--------+
         Total |   2351 |   2232 |    119 |      0 |   1633 |   3 |  783.7 |
       Dungeon |   2351 |   2232 |    119 |      0 |   1633 |   3 |  783.7 |
               +--------+--------+--------+--------+--------+-----+--------+

Top non-repeatable levels by time:
     D:2: 1249 daAuts
     D:1: 647 daAuts
     D:3: 453 daAuts
